 Dungeon Crawl Stone Soup version 0.30.1-11-g7821555f0a (webtiles) character file.

Game seed: 5226692930266391467

23546 comborobin the Unseen (level 13, -1/80 HPs)
             Began as a Kobold Delver on Dec 28, 2023.
             Was a High Priest of Cheibriados.
             Slain by a centaur warrior (5 damage)
             ... on level 13 of the Dungeon.
             The game lasted 00:19:03 (14955 turns).

comborobin the Unseen (Kobold Delver)              Turns: 14955, Time: 00:19:04

Health: -1/80      AC: 10    Str: 24    XL:     13   Next: 36%
Magic:  31/31      EV: 24    Int: 32    God:    Cheibriados [*****.]
Gold:   1220       SH:  5    Dex: 28    Spells: 12/12 levels left

rFire   + + +        E - +5 dagger "Hell-Harrower" {heavy, rF+ Stlth+}
rCold   + . .        (no shield)
rNeg    . . .        N - +0 troll leather armour
rPois   .            e - +3 crown of Dyrovepreva {rElec Int+2 SInv}
rElec   +            M - +1 cloak {rCorr}
rCorr   +            (no gloves)
SInv    +            t - +0 pair of boots
Will    +....        R - amulet of reflection
Stlth   +++++++++    z - ring "Zonul" {rF++ rC+ Will+}
HPRegen 1.13/turn    w - ring of magical power
MPRegen 0.22/turn

%: reflection
@: very slow
A: small, no large weapons, nightstalker 3, horns 1, clumsy 1, MP-powered wands
a: Renounce Religion, Bend Time, Temporal Distortion, Slouch, Step From Time


You were on level 13 of the Dungeon.
You worshipped Cheibriados.
Cheibriados was extremely pleased with you.
You visited 1 branch of the dungeon, and saw 13 of its levels.

You collected 1220 gold pieces.

Inventory:

Hand Weapons
 a - a +1 dagger
 b - a +0 short sword
 D - a +2 dagger of protection
 E - the +5 dagger "Hell-Harrower" (weapon) {heavy, rF+ Stlth+}
   (You found it on level 7 of the Dungeon)

   rF:        It protects you from fire.
   Stlth:     It makes you more stealthy.
 G - a +2 morningstar
 K - the +9 morningstar of Blood {flame, Dex+3}
   (You took it off a gnoll sergeant on level 8 of the Dungeon)

   Dex:       It affects your dexterity (+3).
Missiles
 r - 24 poisoned darts (quivered)
Armour
 e - the +3 crown of Dyrovepreva (worn) {rElec Int+2 SInv}
   (You found it on level 3 of the Dungeon)

   Int:       It affects your intelligence (+2).
   rElec:     It insulates you from electricity.
   SInv:      It lets you see invisible.
 h - a +0 buckler
 k - a +0 helmet
 m - a +0 leather armour
 n - +0 steam dragon scales
 t - a +0 pair of boots (worn)
 u - a +1 cloak
 F - a +2 chain mail of fire resistance
 H - a +2 cloak
 M - a +1 cloak of preservation (worn)
 N - a +0 troll leather armour (worn)
 O - +0 swamp dragon scales
Magical Staves
 v - a staff of cold
Jewellery
 q - an amulet of the acrobat
 s - the ring "Areac" {+Blink rElec rN+ Str+6 Slay-5}
   (You found it on level 9 of the Dungeon)

   [ring of strength]

   Str:       It affects your strength (+6).
   Slay:      It affects your accuracy & damage with ranged weapons and melee
   (-5).
   rElec:     It insulates you from electricity.
   rN:        It protects you from negative energy.
   +Blink:    It lets you blink.
 w - a ring of magical power (right hand)
 y - an amulet of magic regeneration
 z - the ring "Zonul" (left hand) {rF++ rC+ Will+}
   (You acquired it on level 7 of the Dungeon)

   [ring of protection from cold]

   rF:        It greatly protects you from fire.
   rC:        It protects you from cold.
   Will:      It increases your willpower.
 I - a ring of resist corrosion
 R - an amulet of reflection (around neck)
Wands
 f - a wand of charming (2)
 g - a wand of digging (2)
 J - a wand of mindburst (16)
 V - a wand of light (4)
Scrolls
 c - 3 scrolls of fog
 d - 4 scrolls of magic mapping
 i - a scroll of vulnerability
 o - 4 scrolls of torment
 x - 7 scrolls of identify
 C - 2 scrolls of immolation
 L - 4 scrolls of enchant weapon
 Q - a scroll of amnesia
 U - a scroll of teleportation
Potions
 j - 3 potions of mutation
 l - a potion of flight
 p - 2 potions of magic
 A - a potion of cancellation {unknown}
 B - a potion of attraction {unknown}
 S - 2 potions of lignification {unknown}
 T - a potion of brilliance {unknown}
 W - 2 potions of resistance


   Skills:
 - Level 9.2 Fighting
 - Level 10.1 Short Blades
 - Level 9.6 Dodging
 - Level 18.3 Stealth
 + Level 12.9 Invocations


You had 12 spell levels left.
You didn't know any spells.
Your spell library contained the following spells:

 Spells                   Type           Power      Damage    Failure   Level
 Apportation              Tloc           0%         N/A       10%         1
 Beastly Appendage        Tmut           0%         N/A       10%         1
 Freeze                   Ice            0%         1d3       10%         1
 Necrotise                Necr           0%         1d4       10%         1
 Sandblast                Erth           0%         2d4       10%         1
 Summon Small Mammal      Summ           0%         N/A       10%         1
 Passwall                 Tmut/Erth      0%         N/A       14%         2
 Wereblood                Tmut           0%         N/A       14%         2
 Frozen Ramparts          Ice            0%         1d1       28%         3
 Gell's Gravitas          Tloc           0%         N/A       28%         3
 Hailstorm                Conj/Ice       0%         3d3       28%         3
 Spider Form              Tmut/Pois      0%         N/A       28%         3
 Stone Arrow              Conj/Erth      0%         3d7       28%         3
 Teleport Other           Tloc           0%         N/A       28%         3
 Dispersal                Tloc           0%         N/A       100%        6


Dungeon Overview and Level Annotations

Branches:
Dungeon (13/15)            Temple (0/1) D:7            Lair (0/5) D:8
    Orc: D:9-12      Vaults: D:13-14

Altars:
Ashenzari
Cheibriados
Dithmenos
Nemelex Xobeh
Okawaru
Qazlal
Ru
Sif Muna
Trog
Wu Jian
Yredelemnul
The Shining One

Shops:
D:12 *

Annotations:
D:6 3 runed translucent doors, cdecastro's ghost, novice AtWr
D:7 2 transporters, jagang's ghost, novice BaMo
D:12 exclusions: oklob plant and oklob sapling


Innate Abilities, Weirdness & Mutations

You are small and have problems with some larger weapons.
You are completely attuned to the shadows.
You have a pair of small horns on your head.
You are clumsy. (Dex -2)
You expend magic power (3 MP) to strengthen your wands.


Message History

The manticore is heavily wounded.
The manticore closely misses you. The manticore completely misses you.
The manticore misses you.
The centaur warrior hits you but does no damage.
The centaur warrior kicks you but does no damage.
You hit the manticore. You headbutt the manticore.
The manticore is severely wounded.
The centaur warrior misses you.
The centaur warrior completely misses you.
The manticore completely misses you. x2; The manticore claws you.
You hit the manticore.
The manticore is severely wounded.
The centaur warrior hits you. The centaur warrior kicks you.
The manticore barely misses you. The manticore misses you.
The manticore completely misses you.
You hit the manticore but do no damage.
The manticore is severely wounded.
You block the centaur warrior's attack. The centaur warrior misses you.
The manticore barely misses you. The manticore claws you.
The manticore claws you but does no damage.
The centaur warrior misses you. The centaur warrior barely misses you.
You hit the manticore but do no damage. Your headbutt misses the manticore.
The manticore is severely wounded.
The centaur warrior closely misses you. The centaur warrior kicks you.
You hit the manticore. Your headbutt misses the manticore.
The manticore is severely wounded.
The manticore bites you!
* * * LOW HITPOINT WARNING * * *
The manticore claws you!
* * * LOW HITPOINT WARNING * * *
You block the manticore's attack. The centaur warrior hits you!
* * * LOW HITPOINT WARNING * * *
The centaur warrior kicks you.
* * * LOW HITPOINT WARNING * * *
Okay, then.
Okay, then.
You hit the manticore.
The manticore is almost dead.
The centaur warrior hits you.
You die...

........ ........
...###..# ...# #..#
...###..## #........
.........###.........
.....................
.................c...
................@H...
.....................
.....................
................###..
...............## #.
............)..#
...............##
.........###....###
#.#...... #.......


You could see a centaur warrior and a manticore.

Vanquished Creatures
  Josephine (D:11)
  A hydra (D:9)
  A centaur warrior (D:11)
  A boulder beetle (D:13)
  2 two-headed ogres (D:9)
  A tengu warrior (D:11)
  Lodul (D:11)
  A wizard (D:9)
  A deep elf pyromancer (D:13)
  2 ugly things
  4 manticores
  Maurice (D:8)
  Joseph (D:8)
  Maggie (D:9)
  A gargoyle (D:10)
  An unseen horror (D:11)
  4 trolls
  2 hornets (D:12)
  A shadow (D:9)
  A wyvern (D:9)
  8 wraiths
  26 yaks
  3 vampire mosquitoes
  6 steam dragons
  2 acid dragons
  5 water moccasins
  3 sky beasts
  3 black bears
  An ice beast (D:4)
  6 orc warriors
  7 ogres
  5 centaurs
  A phantom (D:5)
  A kobold brigand (D:6)
  5 bullfrogs
  2 gnoll sergeants (D:8)
  4 scorpions
  2 wights
  6 killer bees
  A howler monkey (D:5)
  7 jellies
  3 hounds
  10 orc priests
  3 sleepcaps (D:7)
  5 iguanas
  12 orc wizards
  Robin (D:4)
  8 gnolls
  13 adders
  3 shadow imps (D:7)
  4 white imps
  A worm (D:4)
  A dart slug (D:1)
  40 orcs
  4 bats
  8 endoplasms
  4 giant cockroaches
  8 hobgoblins
  5 jackals
  14 kobolds
  6 quokkas
  19 ball pythons
  19 goblins
  A goblin zombie (D:5)
  6 rats
  A rat zombie (D:5)
332 creatures vanquished.

Vanquished Creatures (collateral kills)
  An ugly thing (D:9)
  A yak (D:9)
  An ogre (D:11)
  A kobold brigand (D:9)
  A killer bee (D:9)
  A howler monkey (D:9)
  An orc priest (D:9)
7 creatures vanquished.

Vanquished Creatures (others)
  A deep elf pyromancer (D:12)
  A tarantella (shapeshifter) (D:9)
2 creatures vanquished.

Grand Total: 341 creatures vanquished

Notes
Turn   | Place    | Note
-------+----------+-------------------------------------------
     0 | D:5      | comborobin the Kobold Delver began the quest for the Orb.
     0 | D:5      | Reached XP level 1. HP: 14/14 MP: 1/1
     7 | D:5      | Noticed a howler monkey
    13 | D:5      | Noticed an ogre
    20 | D:5      | Killed a howler monkey
    21 | D:5      | Reached skill level 5 in Short Blades
    21 | D:5      | Reached XP level 2. HP: 3/19 MP: 2/2
    21 | D:5      | Reached XP level 3. HP: 4/23 MP: 3/3
    69 | D:5      | Noticed a scorpion
    87 | D:5      | Noticed a black bear
   102 | D:5      | Found a stormy altar of Qazlal.
   104 | D:5      | Noticed a black bear
   181 | D:5      | Noticed a gnoll sergeant
   250 | D:4      | Noticed Robin
   312 | D:3      | Reached XP level 4. HP: 28/28 MP: 4/4
  1447 | D:2      | Reached XP level 5. HP: 27/32 MP: 5/5
  3191 | D:3      | Found the +3 crown of Dyrovepreva {rElec Int+2 SInv}
  3242 | D:3      | Reached XP level 6. HP: 37/37 MP: 6/6
  3801 | D:4      | Killed Robin
  3931 | D:4      | Noticed an ice beast
  3945 | D:4      | Gained mutation: You are clumsy. (Dex -2) [potion of
                  | mutation]
  3945 | D:4      | Gained mutation: You have a pair of small horns on your
                  | head. [potion of mutation]
  3945 | D:4      | Gained mutation: You expend magic power (3 MP) to
                  | strengthen your wands. [potion of mutation]
  3966 | D:4      | Killed an ice beast
  4529 | D:4      | Reached XP level 7. HP: 41/41 MP: 7/7
  4666 | D:4      | Noticed a water moccasin
  4670 | D:4      | Killed a water moccasin
  4867 | D:5      | Reached skill level 10 in Short Blades
  5189 | D:5      | Reached XP level 8. HP: 43/48 MP: 8/8
  5516 | D:5      | Reached skill level 5 in Fighting
  5650 | D:6      | Found an iron altar of Okawaru.
  5714 | D:6      | Reached skill level 5 in Dodging
  5837 | D:6      | Found a broken altar of Ashenzari.
  6157 | D:6      | Found a shadowy altar of Dithmenos.
  6218 | D:6      | Reached XP level 9. HP: 50/56 MP: 9/9
  6251 | D:6      | Found a runed translucent gate.
  6252 | D:6      | Found a runed translucent gate.
  6252 | D:6      | Noticed a kobold demonologist
  6252 | D:6      | Noticed cdecastro's ghost (novice AtWr)
  6253 | D:6      | Found a runed translucent gate.
  6589 | D:7      | Found a snail-covered altar of Cheibriados.
  6624 | D:7      | Became a worshipper of Cheibriados the Contemplative
  7377 | D:7      | Found a staircase to the Ecumenical Temple.
  7574 | D:7      | Found a transporter.
  7588 | D:7      | Noticed a moth of wrath
  7615 | D:7      | Noticed jagang's ghost (novice BaMo)
  7628 | D:7      | Identified a scroll of acquirement
  7628 | D:7      | Acquired the ring "Zonul" {rF++ rC+ Will+}
  7637 | D:7      | Found a transporter.
  7788 | D:7      | Found a sparkling altar of Nemelex Xobeh.
  8046 | D:7      | Noticed a troll
  8049 | D:7      | Killed a troll
  8050 | D:7      | Identified the +5 dagger "Hell-Harrower" {heavy, rF+
                  | Stlth+}
  8051 | D:7      | Reached * piety under Cheibriados
  8052 | D:7      | Reached XP level 10. HP: 65/65 MP: 10/10
  8182 | D:7      | Reached skill level 7 in Stealth
  8225 | D:7      | Reached skill level 8 in Stealth
  8698 | D:8      | Reached skill level 9 in Stealth
  8717 | D:8      | Reached skill level 10 in Stealth
  8828 | D:8      | Reached ** piety under Cheibriados
  8998 | D:8      | Found a staircase to the Lair.
  9016 | D:8      | Reached skill level 11 in Stealth
  9033 | D:8      | Noticed Maurice
  9035 | D:8      | Killed Maurice
  9106 | D:8      | Found a shimmering blue altar of Sif Muna.
  9148 | D:8      | Identified the +9 morningstar of Blood {flame, Dex+3}
  9158 | D:8      | Found a bloodstained altar of Trog.
  9159 | D:8      | Found a sacrificial altar of Ru.
  9226 | D:8      | Noticed Joseph
  9233 | D:8      | Killed Joseph
  9234 | D:8      | Reached skill level 12 in Stealth
  9588 | D:8      | Reached skill level 13 in Stealth
  9606 | D:8      | Reached XP level 11. HP: 71/71 MP: 11/11
  9777 | D:8      | Found an ornate altar of the Wu Jian Council.
 10028 | D:8      | Found a glowing golden altar of the Shining One.
 10144 | D:9      | Reached skill level 14 in Stealth
 10148 | D:9      | Reached *** piety under Cheibriados
 10352 | D:9      | Reached skill level 15 in Stealth
 10356 | D:9      | Noticed a two-headed ogre
 10633 | D:9      | Found a basalt altar of Yredelemnul.
 10685 | D:9      | Noticed a wizard
 10689 | D:9      | Killed a wizard
 10690 | D:9      | Reached skill level 16 in Stealth
 10820 | D:9      | Noticed a four-headed hydra
 10821 | D:9      | Noticed a green ugly thing
 10821 | D:9      | Noticed a cyan ugly thing
 10822 | D:9      | Killed a four-headed hydra
 10833 | D:9      | Killed a cyan ugly thing
 10834 | D:9      | Reached skill level 17 in Stealth
 10894 | D:9      | Identified the staff of poison "Beptihio" {Fly rPois rN+++
                  | MP-9 Int-2}
 10894 | D:9      | Identified the ring "Areac" {+Blink rElec rN+ Str+6 Slay-5}
 10958 | D:9      | Killed a two-headed ogre
 11031 | D:9      | Reached **** piety under Cheibriados
 11200 | D:9      | Reached skill level 18 in Stealth
 11260 | D:9      | Noticed a two-headed ogre
 11459 | D:9      | Reached XP level 12. HP: 76/76 MP: 12/12
 11530 | D:9      | Reached skill level 1 in Invocations
 11847 | D:9      | Killed a two-headed ogre
 11926 | D:9      | Noticed Maggie
 11928 | D:9      | Killed Maggie
 11990 | D:9      | Reached skill level 5 in Invocations
 12045 | D:10     | Entered Level 10 of the Dungeon
 12406 | D:11     | Noticed Josephine
 12417 | D:11     | Noticed Lodul
 12462 | D:11     | Reached ***** piety under Cheibriados
 12551 | D:11     | Killed Josephine
 12563 | D:11     | Noticed a tengu warrior
 12566 | D:11     | Noticed a centaur warrior
 12918 | D:11     | Killed a centaur warrior
 12935 | D:11     | Killed a tengu warrior
 13249 | D:11     | Reached skill level 10 in Invocations
 13393 | D:11     | Reached XP level 13. HP: 61/80 MP: 20/20
 13404 | D:11     | Killed Lodul
 14062 | D:12     | Paralysed by a hornet for 2 turns
 14618 | D:12     | Found Xyab's General Store.
 14939 | D:13     | Noticed a centaur warrior
 14954 | D:13     | HP: 4/80 [centaur warrior (8)]
 14955 | D:13     | Slain by a centaur warrior

Illustrated notes

Levels and vault maps discovered:
D:1:      reono_arrival_mine, layout_basic
D:2:      layout_loops_corners
D:3:      layout_basic
D:4:      layout_layer_cave, uniq_robin
D:5:      layout_rooms, grunt_qazlal_sundering, enter_ossuary_4
D:6:      layout_cave_pools, mainiacjoe_overflow_alcove_2,
          ashenzari_conservatory_becter, old_standard_altar,
          gammafunk_ghost_nasty_kobolds, kennysheep_another_room
D:7:      kennysheep_windowed_halls, layout_loops_ring,
          mainiacjoe_overflow_tiny_flanked, nemelex_diamond_rough_becter,
          minmay_temple_entry_enclosed_plants, gammafunk_ghost_wrathful_warriors
D:8:      minmay_general_purpose_star, layout_basic,
          nicolae_wu_jian_immortal_techniques, nicolae_tso_swordbearing_angel,
          gammafunk_temple_overflow_statue, nicolae_overflow_crystal_walls,
          uniq_maurice, uniq_joseph
D:9:      minmay_the_grid_net [minmay_the_grid_all_tris,
          minmay_the_grid_minigrid_small_alt, minmay_the_grid_aliased_spiral,
          minmay_the_grid_rooms, minmay_the_grid_eight,
          minmay_the_grid_prize_shrinking_boxes], layout_loops_ring,
          mainiacjoe_overflow_six_doors_small, serial_bayou_pond_c, uniq_maggie
D:10:     layout_layer_cave, orc_0_dummy, st_stairs_3, amethyst_killhole,
          kennysheep_generic_room_15
D:11:     layout_small_grid, grunt_decor_clamped, minmay_checkerbox,
          uniq_josephine, uniq_lodul
D:12:     layout_irregular_city, serial_shops, shop, introduction_to_nature_2
D:13:     layout_big_octagon, david_vaults_4

Skill      XL: |  1  2  3  4  5  6  7  8  9 10 11 12 13 |
---------------+----------------------------------------+-----
Short Blades   | 5 6 7 9 10 | 10.1
Dodging        | 3 6 9 |  9.6
Fighting       | 4 6 8 9 |  9.2
Stealth        | 13 18 | 18.3
Invocations    | 10 12 | 12.9

Action                     |  1- 3 |  4- 6 |  7- 9 | 10-12 | 13-15 || total
---------------------------+-------+-------+-------+-------+-------++-------
  Melee: Short sword       |    20 |    91 |    30 |       |       ||   141
         Punch             |     1 |     4 |     7 |     8 |     1 ||    21
         Dagger            |       |   243 |   282 |   504 |   101 ||  1130
         Staff             |       |    19 |       |       |       ||    19
         Headbutt          |       |    16 |    73 |   145 |    20 ||   254
  Throw: Dart              |     3 |       |     1 |       |       ||     4
         Throwing net      |       |       |     1 |       |       ||     1
  Evoke: Wand              |     1 |       |     3 |    10 |     8 ||    22
    Use: Potion            |     2 |     7 |     3 |     4 |       ||    16
         Scroll            |       |    10 |     3 |    10 |     1 ||    24
   Stab: Sleeping          |     3 |    42 |    22 |    29 |     5 ||   101
         Distracted        |       |     1 |     2 |     2 |     4 ||     9
         Invisible         |       |       |       |     2 |       ||     2
         Betrayed ally     |       |       |       |     1 |     1 ||     2
 Armour: Leather armour    |     4 |    70 |    30 |       |       ||   104
         Steam dragon scal |       |       |     4 |    33 |       ||    37
         Troll leather arm |       |       |       |    35 |    23 ||    58
  Dodge: Dodged            |    18 |   228 |   125 |   584 |   134 ||  1089
  Block: Other             |       |       |       |    28 |    27 ||    55
         Reflection        |       |       |       |     1 |     3 ||     4
